 Dungeon Crawl Stone Soup version 0.14-a0-1974-gdb6e453 (webtiles) character file.

150 Kae the Sneak (level 3, 0/16 HPs)
             Began as a Spriggan Enchanter on Jan 17, 2014.
             Slain by an inept dagger mimic (6 damage)
             ... on Level 2 of the Dungeon.
             The game lasted 00:02:37 (1946 turns).

Kae the Sneak (Spriggan Enchanter)                  Turns: 1946, Time: 00:02:37

HP   0/16        AC  4     Str  5      XL: 3   Next: 60%
MP  10/10        EV 18     Int 16      God:
Gold 98          SH  0     Dex 16      Spells:  3 memorised,  2 levels left

rFire  . . .     SeeInvis +     a - +1 dagger
rCold  . . .     Clarity  .     b - +1 robe
rNeg   . . .     Conserve .     (shield restricted)
rPois  .         rCorr    .     n - +1 hat
rElec  .         rRot     .     (no cloak)
SustAb . .       Spirit   .     (gloves unavailable)
rMut   .         Warding  .     (boots unavailable)
Saprov . . .     Stasis   .     (no amulet)
MR     .....                    (no ring)
                                (no ring)

@: very quick, not resistant to hostile enchantments, quite stealthy
A: unfitting armour, see invisible, herbivore 3, speed 3, slow metabolism 2
a: no special abilities


You were on level 2 of the Dungeon.
You were not hungry.

You visited 1 branch of the dungeon, and saw 2 of its levels.

You collected 98 gold pieces.

Inventory:

Hand weapons
 a - a +1,+1 dagger (weapon)
Missiles
 d - 12 darts (quivered)
Armour
 b - a +1 robe (worn)
 n - a +1 hat (worn)
Comestibles
 o - a bread ration
Scrolls
 f - 2 scrolls of fog {unknown}
 g - a scroll of identify {unknown}
 i - 2 scrolls of remove curse {unknown}
 j - a scroll of enchant weapon II {unknown}
 l - a scroll of curse weapon {unknown}
 p - a scroll of teleportation {unknown}
Jewellery
 q - an uncursed ring of wizardry {unknown}
Potions
 e - a potion of porridge
 h - 3 potions of curing {unknown}
 k - a potion of speed {unknown}
 m - a potion of lignification {unknown}
Books
 c - a book of Maledictions

   Spells                             Type                      Level
   *Corona                            Hexes                        1
   Sure Blade                         Hexes/Charms                 2
   *Ensorcelled Hibernation           Hexes/Ice                    2
   *Confuse                           Hexes                        3
   Enslavement                        Hexes                        4
   Invisibility                       Hexes                        6


   Skills:
 * Level 2.1 Short Blades
 - Level 1.1 Throwing
 - Level 3.0 Dodging
 * Level 4.7 Stealth
 + Level 3.0 Spellcasting
 + Level 4.1 Hexes


You had 2 spell levels left.
You knew the following spells:

 Your Spells              Type           Power        Failure   Level  Hunger
a - Corona                Hex            ###....      4%          1    #......
b - Ensorcelled Hibernat  Hex/Ice        #.....       14%         2    ##.....
c - Confuse               Hex            ###.....     12%         3    ###....


Dungeon Overview and Level Annotations

Branches:
Dungeon (2/16)

Altars:
Fedhas

Annotations:
D:2 Sigmund


Innate Abilities, Weirdness & Mutations

You are tiny and cannot use many weapons and most armour.
You have supernaturally acute eyesight.
You are a herbivore.
You cover ground extremely quickly.
You need consume almost no food.


Message History

The inept dagger mimic hits you.
You completely miss the inept dagger mimic.
The inept dagger mimic is heavily damaged.
The inept dagger mimic barely misses you.
You hit the inept dagger mimic but do no damage.
The inept dagger mimic is heavily damaged.
The inept dagger mimic misses you.
You hit the inept dagger mimic but do no damage.
The inept dagger mimic is heavily damaged.
The inept dagger mimic closely misses you.
You hit the inept dagger mimic but do no damage.
The inept dagger mimic is heavily damaged.
The inept dagger mimic closely misses you.
You hit the inept dagger mimic but do no damage.
The inept dagger mimic is heavily damaged.
The inept dagger mimic stops glowing.
The inept dagger mimic hits you.
You hit the inept dagger mimic.
The inept dagger mimic is severely damaged.
The inept dagger mimic hits you.
You die...

#...........# #..........##
#..........# #..........#
#..........# #..........#
#..........#####
################.#.........#
..........)@...............#
########.#######.#.###...#.#
#.# ####.#.###.#.#.#
#..w...............>#
#.#######.#...)...#.# #.#
#...)..#######.# #.#
#......# ##. #.# #......#
#._ #.# #......# ##.


You could see an inept dagger mimic.

Vanquished Creatures
  2 giant geckos (D:2)
  An ooze (D:1)
  2 giant cockroaches
  7 goblins
  14 hobgoblins
  A quokka (D:2)
  7 bats
  A giant newt (D:1)
  3 kobolds (D:1)
  7 rats
45 creatures vanquished.

Notes
Turn   | Place    | Note
--------------------------------------------------------------
     0 | D:1      | Kae, the Spriggan Enchanter, began the quest for the Orb.
     0 | D:1      | Reached XP level 1. HP: 9/9 MP: 4/4
   526 | D:1      | Reached XP level 2. HP: 11/13 MP: 7/7
   536 | D:1      | Learned a level 2 spell: Ensorcelled Hibernation
   706 | D:1      | Reached skill level 4 in Stealth
   749 | D:1      | Reached XP level 3. HP: 11/16 MP: 3/9
  1573 | D:2      | Found a blossoming altar of Fedhas.
  1641 | D:2      | Learned a level 3 spell: Confuse
  1845 | D:2      | Noticed Sigmund
  1946 | D:2      | Slain by an inept dagger mimic

Action                   || total
-------------------------++-------
Melee: Dagger            ||   156
 Cast: Corona            ||     7
       Ensorcelled Hiber ||    13
 Stab: Sleeping          ||    22
